 Dungeon Crawl Stone Soup version 0.18-a0-912-g81d1dc4 (webtiles) character file.

297 Duffy the Ruffian (level 6, -5/47 HPs)
             Began as a Mummy Monk on Dec 25, 2015.
             Slain by an ogre
             ... wielding a +0 giant club
              (27 damage)
             ... on level 4 of the Dungeon.
             The game lasted 00:04:26 (4847 turns).

Duffy the Ruffian (Mummy Monk)                      Turns: 4847, Time: 00:04:26

Health: -5/47      AC:  5    Str: 16    XL:     6   Next: 12%
Magic:  6/6        EV: 11    Int: 10    God:
Gold:   228        SH:  0    Dex: 14    Spells: 0 memorised, 5 levels left

rFire  . . .     SeeInvis .       - Unarmed
rCold  + . .     Gourm    .     d - +0 ring mail {rF+}
rNeg   + + +     Faith    .     (no shield)
rPois  ∞         Spirit   .     (no helmet)
rElec  .         Dismiss  .     (no cloak)
rCorr  .         Reflect  .     (no gloves)
SustAt .         Harm     .     (no boots)
MR     .....                    (no amulet)
Stlth  +.........               (no ring)
                                (no ring)

@: not resistant to hostile enchantments, very unstealthy
A: no food or potions, fire vulnerability, cold resistance 1, negative energy
resistance 3, torment resistance, unbreathing
a: no special abilities


You were on level 4 of the Dungeon.
You were not hungry.

You visited 1 branch of the dungeon, and saw 4 of its levels.

You collected 228 gold pieces.


Innate Abilities, Weirdness & Mutations

You do not eat or drink.
Your flesh is vulnerable to fire.
You are immune to poison.
Your flesh is cold resistant.
You are immune to negative energy.
You are immune to unholy pain and torment.
You can survive without breathing.


   Skills:
 - Level 3.0 Fighting
 - Level 2.4 Dodging
 - Level 1.5 Stealth
 + Level 6.2 Unarmed Combat


You had 5 spell levels left.
You didn't know any spells.

Inventory:

Missiles
 g - 11 poisoned needles
 j - 2 tomahawks of returning (quivered)
 k - 2 tomahawks
Armour
 c - a +0 scale mail
 d - a +0 ring mail of fire resistance (worn)
 h - a +0 chain mail
Scrolls
 a - 3 scrolls of remove curse
 b - 2 scrolls of identify
 e - a scroll of magic mapping
 f - 2 scrolls of enchant weapon
 i - a scroll of teleportation

Dungeon Overview and Level Annotations

Branches:
Dungeon (4/15)
 Temple: D:4-7

Altars:
Ru
Trog


Message History

You barely miss the ogre. The ogre misses you.
You hit the ogre but do no damage. You hit the ogre.
The ogre is lightly wounded.
The ogre hits you with a giant club!
You punch the ogre!
The ogre is heavily wounded.
The ogre hits you with a giant club!
You are too injured to fight recklessly!
You are too injured to fight recklessly!
You are too injured to fight recklessly!
You are too injured to fight recklessly!
You are too injured to fight recklessly!
You are too injured to fight recklessly!
You are too injured to fight recklessly!
You are too injured to fight recklessly!
You are too injured to fight recklessly!
You are too injured to fight recklessly!
You are too injured to fight recklessly!
You are too injured to fight recklessly!
You are too injured to fight recklessly!
You are too injured to fight recklessly!
You are too injured to fight recklessly!
You are too injured to fight recklessly!
You are too injured to fight recklessly!
You are too injured to fight recklessly!
You are too injured to fight recklessly!
You are too injured to fight recklessly!
You barely miss the ogre. You punch the ogre.
The ogre is severely wounded.
You hit the ogre.
The ogre is severely wounded.
The ogre hits you with a giant club!!
Ouch! That really hurt!
You die...

#.....## ......##...
#....<.+ ......+.....#
###...####.......#......
+.....##.#..)......#....
##....##...# #.....#.....
##...%##.#####...........
.............#<.........
...........#.#%..)....#
......####.#.#..@.....#
..########...#...O....#
..#.....###..#........#
..#._........#........+
#.....###%.#........#####
########+#%#.............
#...#...#'#'#+###.
########+#...#...#.#...
.................#.#.....


You could see an ogre.

Action                   |  1- 3 |  4- 6 || total
-------------------------+-------+-------++-------
Melee: Unarmed           |   206 |   260 ||   466
  Use: Scroll            |       |     4 ||     4
 Stab: Sleeping          |     3 |       ||     3

Notes
Turn   | Place    | Note
--------------------------------------------------------------
     0 | D:1      | Duffy the Mummy Monk began the quest for the Orb.
     0 | D:1      | Reached XP level 1. HP: 18/18 MP: 1/1
   313 | D:1      | Reached XP level 2. HP: 24/24 MP: 2/2
   879 | D:2      | Reached skill level 4 in Unarmed Combat
  1022 | D:2      | Reached XP level 3. HP: 22/29 MP: 3/3
  1485 | D:2      | Found a sacrificial altar of Ru.
  2004 | D:3      | Reached XP level 4. HP: 35/35 MP: 4/4
  2142 | D:3      | Noticed Jessica
  2149 | D:3      | Killed Jessica
  2149 | D:3      | Reached skill level 5 in Unarmed Combat
  2400 | D:2      | Reached XP level 5. HP: 41/41 MP: 5/5
  4150 | D:3      | Reached skill level 6 in Unarmed Combat
  4256 | D:3      | Reached XP level 6. HP: 34/47 MP: 6/6
  4649 | D:4      | Found a bloodstained altar of Trog.
  4847 | D:4      | Slain by an ogre

Vault maps used:
D:1:      mrwooster_arrival_statue_2
D:2:      nicolae_ru_path_of_blood
D:3:      first_bread, st_stairs_3, minmay_rat_hole, uniq_jessica
D:4:      serial_shops, nicolae_shop_behind_doors, trog_book

Vanquished Creatures
  An orc priest
  2 orc wizards
  A worker ant Jessica
  5 adders
  An ooze
  3 worms
  3 giant geckos
  12 orcs
  8 goblins
  5 hobgoblins
  7 jackals
  5 kobolds
  3 quokkas
  3 ball pythons
  7 bats
  4 giant cockroaches
  5 giant newts
  24 rats
100 creatures vanquished.
